Connexion

Palm Springs Eager vs Wild

Created - 30 avril 2024 at 08:40

Goals
1 2 3 T
Palm Springs Eager 2 0 0 2
Wild 3 2 1 6
Shots
1 2 3 T
Palm Springs Eager 10 11 6 27
Wild 13 15 18 46

GoalsPenalties
1st period
1. Palm Springs Eager , Steven Lorentz 3 (Rocco Grimaldi 8) at 0:28
2. Wild , Danick Martel 3 (Anthony Louis 4, Taylor Raddysh 5) at 0:40
3. Wild , Dillon Simpson 3 (Joseph Gambardella 7, Tanner Pearson 7) at 2:58 (PP)
4. Wild , Tanner Pearson 10 (Joseph Gambardella 8) at 10:10
5. Palm Springs Eager , Nico Sturm 3 (Saku Maenalanen 8, Mike Hardman 5) at 15:39
Rocco Grimaldi (SEA) for Tripping (Minor) at 1:59
2nd period
6. Wild , Ben Gleason 1 (Connor Hobbs 4, Taylor Raddysh 6) at 11:57 (PP)
7. Wild , Tanner Pearson 11 (Dillon Simpson 6, Jalen Chatfield 12) at 15:43
Scott Mayfield (SEA) for Holding (Minor) at 0:34
Scott Mayfield (SEA) for Hooking (Minor) at 10:34
3rd period
8. Wild , Michael Mersch 2 (Ben Thomas 2, Jeremy Gregoire 6) at 8:30
Jonathan Toews (SEA) for High sticking (Minor) at 2:02
Alexander Campbell (SEA) for Tripping (Minor) at 4:44
Scott Reedy (SEA) for Slashing (Minor) at 11:25
Goalie Stats
Anton Forsberg (SEA), 40 saves from 46 shots - (0,870), L, 6-3-0, 60:00 minutes
Maxime Lagace (IOW), 25 saves from 27 shots - (0,926), W, 6-4-0, 60:00 minutes
3 StarsOfficial
1 - Tanner Pearson (IOW)
2 - Danick Martel (IOW)
3 - Dillon Simpson (IOW)
Referees : Dennis LaRue and Paul Devorski
Linesman : Pierre Racicot and Steve Miller
Game Note
No Game Note
Finance
Level 1 -- Attendance: 2000 (100,00%) -- Ticket Income $80,000
Level 2 -- Attendance: 1000 (100,00%) -- Ticket Income $20,000
Total Attendance: 3000 (100,00%)
Total Ticket Income: $100,000
Other Income: $20,000
Total Income: $120,000



Team Name Goals Shots Shots Attemp Shots Blocked PIM HIT PP PK FO%
Palm Springs Eager 227471512250 / 0 (0,00%248%
Wild 6468250222 / 6 (33%)052%

Palm Springs Eager
Player Name POS G A P +/- PIM HIT SHT SB MP PP MP PP SHT PK MP PK SHT FO% FOT
Alex CottonD000-2000114:200:0001:3100% 0
Alex JefferiesLW000000000:080:0000:0000% 0
Alexander CampbellC/LW000020209:530:0000:0000% 0
Colin MillerD000-2032112:520:0000:0300% 0
Dmitry OvchinnikovLW000000101:190:0000:0000% 0
Gavin BayreutherD0000001521:350:0005:0300% 0
Jonathan ToewsC000-1223026:130:0004:59048% 27
Mike HardmanC/LW/RW011-1021018:080:0000:5400% 0
Nico SturmC/LW101-1003220:150:0003:01057% 23
Nikita NesterenkoC/LW/RW000-2014011:480:0000:0000% 0
Radko GudasD0000030125:360:0005:1500% 0
Riley DuranC000000019:540:0000:00060% 15
Rocco GrimaldiC/RW0111224125:570:0005:2600% 0
Ryan GravesD0000010225:360:0005:1500% 0
Saku MaenalanenC/LW/RW011-1002018:300:0001:1600% 2
Scott MayfieldD0000482019:590:0003:2900% 0
Scott ReedyC000-2221013:460:0001:59032% 19
Steven LorentzC/LW1011011113:470:0003:01057% 7
Wild
Player Name POS G A P +/- PIM HIT SHT SB MP PP MP PP SHT PK MP PK SHT FO% FOT
Anders BjorkLW/RW0000010021:174:4700:0000% 1
Anthony LouisC/LW0111007021:545:3130:000100% 2
Antti SuomelaC000000000:140:0000:0000% 0
Ben GleasonD1011012221:135:3110:0000% 0
Ben ThomasD0110001014:180:0000:0000% 0
Connor HobbsD0111025321:135:3140:0000% 0
Danick MartelC/LW1011065021:545:3120:00042% 33
Dillon SimpsonD1121022024:294:4720:0000% 0
Eemeli RasanenD0000040014:180:0000:0000% 0
Jalen ChatfieldD0111012024:294:4710:0000% 0
Jeremy GregoireC/LW/RW0110001012:260:0000:00031% 13
Joseph GambardellaC/LW0220035021:174:4720:00064% 36
Kasper BjorkqvistLW/RW0000005012:260:0000:0000% 1
Lukas JasekC/RW000100004:230:0000:00060% 5
Michael MerschLW/RW1010002012:260:0000:000100% 1
Nikita JevpalovsLW/RW000100004:230:0000:0000% 0
Tanner PearsonLW2131027025:264:4700:000100% 1
Taylor RaddyshRW0221002021:545:3110:0000% 0



Play-by-Play

1st period


0:01 of 1st period - Joseph Gambardella wins face-off versus Jonathan Toews in neutral zone.
0:10 of 1st period - Shot by Tanner Pearson.
0:10 of 1st period - Shot Blocked by Ryan Graves.
0:28 of 1st period - Shot by Steven Lorentz.
0:28 of 1st period - Goal by Steven Lorentz - Palm Springs Eager : 1 - Wild : 0.
0:29 of 1st period - Danick Martel wins face-off versus Nico Sturm in neutral zone.
0:40 of 1st period - Shot by Danick Martel.
0:40 of 1st period - Goal by Danick Martel - Palm Springs Eager : 1 - Wild : 1.
0:41 of 1st period - Scott Reedy wins face-off versus Jeremy Gregoire in neutral zone.
0:54 of 1st period - Shot by Jonathan Toews.
0:54 of 1st period - Shot Misses the Net.
1:04 of 1st period - Shot by Scott Reedy.
1:04 of 1st period - Shot Misses the Net.
1:06 of 1st period - Shot by Nikita Nesterenko.
1:06 of 1st period - Stopped by Maxime Lagace without a rebound.
1:07 of 1st period - Nico Sturm wins face-off versus Danick Martel in Wild zone.
1:07 of 1st period - Nico Sturm is hit by Ben Gleason.
1:09 of 1st period - Shot by Mike Hardman.
1:09 of 1st period - Stopped by Maxime Lagace without a rebound.
1:10 of 1st period - Riley Duran wins face-off versus Lukas Jasek in Wild zone.
1:59 of 1st period - Minor Penalty to Rocco Grimaldi for Tripping.
2:00 of 1st period - Jonathan Toews wins face-off versus Danick Martel in Palm Springs Eager zone.
2:00 of 1st period - Jonathan Toews is hit by Danick Martel.
2:16 of 1st period - Shot by Danick Martel.
2:16 of 1st period - Shot Blocked by Gavin Bayreuther.
2:26 of 1st period - Shot by Taylor Raddysh.
2:26 of 1st period - Deflect By Anthony Louis.
2:26 of 1st period - Stopped by Anton Forsberg with a rebound.
2:38 of 1st period - Shot by Danick Martel.
2:38 of 1st period - Stopped by Anton Forsberg without a rebound.
2:39 of 1st period - Joseph Gambardella wins face-off versus Steven Lorentz in Palm Springs Eager zone.
2:52 of 1st period - Shot by Tanner Pearson.
2:52 of 1st period - Shot Misses the Net.
2:58 of 1st period - Shot by Dillon Simpson.
2:58 of 1st period - Goal by Dillon Simpson - Palm Springs Eager : 1 - Wild : 2.
2:59 of 1st period - Michael Mersch wins face-off versus Nico Sturm in neutral zone.
3:06 of 1st period - Shot by Kasper Bjorkqvist.
3:06 of 1st period - Stopped by Anton Forsberg without a rebound.
3:07 of 1st period - Jonathan Toews wins face-off versus Danick Martel in Palm Springs Eager zone.
3:20 of 1st period - Shot by Anthony Louis.
3:20 of 1st period - Stopped by Anton Forsberg without a rebound.
3:21 of 1st period - Nico Sturm wins face-off versus Joseph Gambardella in Palm Springs Eager zone.
3:30 of 1st period - Shot by Jalen Chatfield.
3:30 of 1st period - Stopped by Anton Forsberg without a rebound.
3:31 of 1st period - Danick Martel wins face-off versus Jonathan Toews in Palm Springs Eager zone.
3:38 of 1st period - Shot by Rocco Grimaldi.
3:38 of 1st period - Shot Blocked by Ben Gleason.
3:54 of 1st period - Shot by Jonathan Toews.
3:54 of 1st period - Stopped by Maxime Lagace with a rebound.
3:56 of 1st period - Shot by Ryan Graves.
3:56 of 1st period - Shot Blocked by Ben Gleason.
4:54 of 1st period - Shot by Nico Sturm.
4:54 of 1st period - Shot Misses the Net.
4:56 of 1st period - Shot by Gavin Bayreuther.
4:56 of 1st period - Stopped by Maxime Lagace with a rebound.
4:58 of 1st period - Shot by Scott Mayfield.
4:58 of 1st period - Stopped by Maxime Lagace without a rebound.
4:59 of 1st period - Scott Reedy wins face-off versus Jeremy Gregoire in Wild zone.
4:59 of 1st period - Colin Miller is hit by Eemeli Rasanen and loses puck.
5:52 of 1st period - Scott Reedy is hit by Joseph Gambardella and loses puck.
5:57 of 1st period - Shot by Joseph Gambardella.
5:57 of 1st period - Shot Misses the Net.
6:51 of 1st period - Shot by Danick Martel.
6:51 of 1st period - Shot Blocked by Colin Miller.
6:53 of 1st period - Shot by Danick Martel.
6:53 of 1st period - Stopped by Anton Forsberg without a rebound.
6:54 of 1st period - Lukas Jasek wins face-off versus Nico Sturm in Palm Springs Eager zone.
8:18 of 1st period - Shot by Anthony Louis.
8:18 of 1st period - Shot Blocked by Gavin Bayreuther.
9:41 of 1st period - Shot by Joseph Gambardella.
9:41 of 1st period - Stopped by Anton Forsberg without a rebound.
9:42 of 1st period - Nico Sturm wins face-off versus Danick Martel in Palm Springs Eager zone.
10:04 of 1st period - Shot by Taylor Raddysh.
10:04 of 1st period - Deflect By Danick Martel.
10:04 of 1st period - Shot Misses the Net.
10:06 of 1st period - Shot by Taylor Raddysh.
10:06 of 1st period - Shot Misses the Net.
10:08 of 1st period - Shot by Ben Thomas.
10:08 of 1st period - Stopped by Anton Forsberg without a rebound.
10:09 of 1st period - Joseph Gambardella wins face-off versus Scott Reedy in Palm Springs Eager zone.
10:10 of 1st period - Shot by Tanner Pearson.
10:10 of 1st period - Goal by Tanner Pearson - Palm Springs Eager : 1 - Wild : 3.
10:11 of 1st period - Nico Sturm wins face-off versus Joseph Gambardella in neutral zone.
10:27 of 1st period - Saku Maenalanen is hit by Tanner Pearson.
10:39 of 1st period - Shot by Tanner Pearson.
10:39 of 1st period - Shot Blocked by Ryan Graves.
10:45 of 1st period - Shot by Anders Bjork.
10:45 of 1st period - Shot Blocked by Radko Gudas.
10:49 of 1st period - Shot by Tanner Pearson.
10:49 of 1st period - Shot Blocked by Nico Sturm.
10:51 of 1st period - Shot by Jalen Chatfield.
10:51 of 1st period - Shot Misses the Net.
11:27 of 1st period - Jonathan Toews is hit by Danick Martel and loses puck.
11:33 of 1st period - Anthony Louis is hit by Colin Miller and loses puck.
13:14 of 1st period - Shot by Alexander Campbell.
13:14 of 1st period - Stopped by Maxime Lagace without a rebound.
13:15 of 1st period - Riley Duran wins face-off versus Joseph Gambardella in Wild zone.
13:21 of 1st period - Icing by Tanner Pearson.
13:22 of 1st period - Joseph Gambardella wins face-off versus Nico Sturm in Wild zone.
13:22 of 1st period - Joseph Gambardella is hit by Mike Hardman.
13:45 of 1st period - Icing by Tanner Pearson.
13:46 of 1st period - Jonathan Toews wins face-off versus Joseph Gambardella in Wild zone.
13:56 of 1st period - Icing by Dillon Simpson.
13:57 of 1st period - Joseph Gambardella wins face-off versus Scott Reedy in Wild zone.
13:59 of 1st period - Icing by Tanner Pearson.
14:00 of 1st period - Steven Lorentz wins face-off versus Joseph Gambardella in Wild zone.
14:00 of 1st period - Steven Lorentz is hit by Dillon Simpson.
14:11 of 1st period - Icing by Jalen Chatfield.
14:12 of 1st period - Nico Sturm wins face-off versus Joseph Gambardella in Wild zone.
14:18 of 1st period - Icing by Dillon Simpson.
14:19 of 1st period - Joseph Gambardella wins face-off versus Jonathan Toews in Wild zone.
14:19 of 1st period - Joseph Gambardella is hit by Jonathan Toews.
14:41 of 1st period - Shot by Anders Bjork.
14:41 of 1st period - Shot Misses the Net.
14:43 of 1st period - Shot by Jalen Chatfield.
14:43 of 1st period - Shot Misses the Net.
15:07 of 1st period - Shot by Ben Gleason.
15:07 of 1st period - Stopped by Anton Forsberg without a rebound.
15:08 of 1st period - Nico Sturm wins face-off versus Jeremy Gregoire in Palm Springs Eager zone.
15:39 of 1st period - Shot by Nico Sturm.
15:39 of 1st period - Goal by Nico Sturm - Palm Springs Eager : 2 - Wild : 3.
15:40 of 1st period - Danick Martel wins face-off versus Scott Reedy in neutral zone.
15:40 of 1st period - Taylor Raddysh is hit by Jonathan Toews and loses puck.
15:53 of 1st period - Shot by Nikita Nesterenko.
15:53 of 1st period - Shot Blocked by Connor Hobbs.
15:55 of 1st period - Shot by Jonathan Toews.
15:55 of 1st period - Shot Blocked by Connor Hobbs.
15:57 of 1st period - Shot by Alex Cotton.
15:57 of 1st period - Shot Misses the Net.
15:59 of 1st period - Shot by Scott Reedy.
15:59 of 1st period - Shot Misses the Net.
16:01 of 1st period - Shot by Colin Miller.
16:01 of 1st period - Shot Misses the Net.
16:03 of 1st period - Shot by Jonathan Toews.
16:03 of 1st period - Deflect By Nikita Nesterenko.
16:03 of 1st period - Shot Misses the Net.
16:05 of 1st period - Shot by Nikita Nesterenko.
16:05 of 1st period - Stopped by Maxime Lagace without a rebound.
16:06 of 1st period - Joseph Gambardella wins face-off versus Riley Duran in Wild zone.
16:06 of 1st period - Tanner Pearson is hit by Rocco Grimaldi and loses puck.
16:34 of 1st period - Shot by Rocco Grimaldi.
16:34 of 1st period - Stopped by Maxime Lagace without a rebound.
16:35 of 1st period - Nico Sturm wins face-off versus Danick Martel in Wild zone.
17:25 of 1st period - Nico Sturm is hit by Joseph Gambardella and loses puck.
17:40 of 1st period - Nico Sturm is hit by Tanner Pearson and loses puck.
18:45 of 1st period - Shot by Kasper Bjorkqvist.
18:45 of 1st period - Stopped by Anton Forsberg without a rebound.
18:46 of 1st period - Jonathan Toews wins face-off versus Danick Martel in Palm Springs Eager zone.
19:26 of 1st period - Icing by Connor Hobbs.
19:27 of 1st period - Riley Duran wins face-off versus Danick Martel in Wild zone.
19:32 of 1st period - Shot by Alexander Campbell.
19:32 of 1st period - Shot Blocked by Connor Hobbs.
Goals for this period are 2 for Palm Springs Eager vs 3 for Wild.
Shots for this period are 10 for Palm Springs Eager vs 13 for Wild.

2nd period


0:01 of 2nd period - Joseph Gambardella wins face-off versus Jonathan Toews in neutral zone.
0:01 of 2nd period - Joseph Gambardella is hit by Steven Lorentz.
0:17 of 2nd period - Jonathan Toews is hit by Joseph Gambardella and loses puck.
0:26 of 2nd period - Shot by Tanner Pearson.
0:26 of 2nd period - Stopped by Anton Forsberg without a rebound.
0:27 of 2nd period - Danick Martel wins face-off versus Saku Maenalanen in Palm Springs Eager zone.
0:27 of 2nd period - Danick Martel is hit by Scott Mayfield.
0:34 of 2nd period - Minor Penalty to Scott Mayfield for Holding.
0:35 of 2nd period - Jonathan Toews wins face-off versus Danick Martel in Palm Springs Eager zone.
0:58 of 2nd period - Shot by Ben Gleason.
0:58 of 2nd period - Deflect By Anthony Louis.
0:58 of 2nd period - Shot Misses the Net.
1:14 of 2nd period - Shot by Connor Hobbs.
1:14 of 2nd period - Shot Misses the Net.
2:15 of 2nd period - Icing by Danick Martel.
2:16 of 2nd period - Jonathan Toews wins face-off versus Danick Martel in Wild zone.
2:30 of 2nd period - Shot by Ben Gleason.
2:30 of 2nd period - Deflect By Anthony Louis.
2:30 of 2nd period - Stopped by Anton Forsberg without a rebound.
2:31 of 2nd period - Jonathan Toews wins face-off versus Anders Bjork in Palm Springs Eager zone.
3:02 of 2nd period - Shot by Nico Sturm.
3:02 of 2nd period - Stopped by Maxime Lagace with a rebound.
3:04 of 2nd period - Shot by Scott Mayfield.
3:04 of 2nd period - Shot Misses the Net.
3:06 of 2nd period - Shot by Scott Mayfield.
3:06 of 2nd period - Stopped by Maxime Lagace without a rebound.
3:07 of 2nd period - Tanner Pearson wins face-off versus Scott Reedy in Wild zone.
3:15 of 2nd period - Icing by Radko Gudas.
3:16 of 2nd period - Joseph Gambardella wins face-off versus Scott Reedy in Palm Springs Eager zone.
3:47 of 2nd period - Shot by Nikita Nesterenko.
3:47 of 2nd period - Stopped by Maxime Lagace without a rebound.
3:48 of 2nd period - Anthony Louis wins face-off versus Riley Duran in Wild zone.
4:01 of 2nd period - Icing by Rocco Grimaldi.
4:02 of 2nd period - Riley Duran wins face-off versus Jeremy Gregoire in Palm Springs Eager zone.
4:38 of 2nd period - Kasper Bjorkqvist is hit by Rocco Grimaldi and loses puck.
5:13 of 2nd period - Icing by Ryan Graves.
5:14 of 2nd period - Nico Sturm wins face-off versus Danick Martel in Palm Springs Eager zone.
5:25 of 2nd period - Icing by Ben Gleason.
5:26 of 2nd period - Danick Martel wins face-off versus Scott Reedy in Wild zone.
5:26 of 2nd period - Danick Martel is hit by Scott Reedy.
5:54 of 2nd period - Shot by Danick Martel.
5:54 of 2nd period - Stopped by Anton Forsberg with a rebound.
6:02 of 2nd period - Shot by Jonathan Toews.
6:02 of 2nd period - Shot Hit the Post.
6:39 of 2nd period - Anders Bjork is hit by Radko Gudas and loses puck.
6:45 of 2nd period - Off-side.
6:46 of 2nd period - Riley Duran wins face-off versus Jeremy Gregoire in neutral zone.
7:11 of 2nd period - Shot by Alexander Campbell.
7:11 of 2nd period - Shot Misses the Net.
7:13 of 2nd period - Shot by Colin Miller.
7:13 of 2nd period - Stopped by Maxime Lagace without a rebound.
7:14 of 2nd period - Joseph Gambardella wins face-off versus Nico Sturm in Wild zone.
7:19 of 2nd period - Ryan Graves is hit by Anders Bjork and loses puck.
7:28 of 2nd period - Shot by Saku Maenalanen.
7:28 of 2nd period - Stopped by Maxime Lagace without a rebound.
7:29 of 2nd period - Jonathan Toews wins face-off versus Danick Martel in Wild zone.
7:42 of 2nd period - Shot by Rocco Grimaldi.
7:42 of 2nd period - Stopped by Maxime Lagace without a rebound.
7:43 of 2nd period - Nico Sturm wins face-off versus Joseph Gambardella in Wild zone.
7:43 of 2nd period - Mike Hardman is hit by Jalen Chatfield and loses puck.
8:37 of 2nd period - Danick Martel is hit by Scott Mayfield and loses puck.
9:17 of 2nd period - Icing by Radko Gudas.
9:18 of 2nd period - Jeremy Gregoire wins face-off versus Jonathan Toews in Palm Springs Eager zone.
9:41 of 2nd period - Shot by Michael Mersch.
9:41 of 2nd period - Shot Misses the Net.
9:43 of 2nd period - Shot by Michael Mersch.
9:43 of 2nd period - Stopped by Anton Forsberg without a rebound.
9:44 of 2nd period - Joseph Gambardella wins face-off versus Scott Reedy in Palm Springs Eager zone.
10:05 of 2nd period - Shot by Joseph Gambardella.
10:05 of 2nd period - Stopped by Anton Forsberg without a rebound.
10:06 of 2nd period - Danick Martel wins face-off versus Riley Duran in Palm Springs Eager zone.
10:34 of 2nd period - Minor Penalty to Scott Mayfield for Hooking.
10:35 of 2nd period - Joseph Gambardella wins face-off versus Jonathan Toews in Palm Springs Eager zone.
10:39 of 2nd period - Anders Bjork is hit by Ryan Graves and loses puck.
11:12 of 2nd period - Shot by Anders Bjork.
11:12 of 2nd period - Shot Hit the Post.
11:14 of 2nd period - Shot by Dillon Simpson.
11:14 of 2nd period - Shot Blocked by Steven Lorentz.
11:16 of 2nd period - Shot by Joseph Gambardella.
11:16 of 2nd period - Stopped by Anton Forsberg without a rebound.
11:17 of 2nd period - Jonathan Toews wins face-off versus Danick Martel in Palm Springs Eager zone.
11:28 of 2nd period - Shot by Ben Gleason.
11:28 of 2nd period - Shot Misses the Net.
11:30 of 2nd period - Shot by Ben Gleason.
11:30 of 2nd period - Shot Misses the Net.
11:32 of 2nd period - Shot by Connor Hobbs.
11:32 of 2nd period - Stopped by Anton Forsberg without a rebound.
11:33 of 2nd period - Danick Martel wins face-off versus Jonathan Toews in Palm Springs Eager zone.
11:49 of 2nd period - Shot by Connor Hobbs.
11:49 of 2nd period - Stopped by Anton Forsberg with a rebound.
11:51 of 2nd period - Shot by Taylor Raddysh.
11:51 of 2nd period - Stopped by Anton Forsberg with a rebound.
11:53 of 2nd period - Shot by Connor Hobbs.
11:53 of 2nd period - Shot Blocked by Alex Cotton.
11:55 of 2nd period - Shot by Connor Hobbs.
11:55 of 2nd period - Shot Blocked by Gavin Bayreuther.
11:57 of 2nd period - Shot by Ben Gleason.
11:57 of 2nd period - Goal by Ben Gleason - Palm Springs Eager : 2 - Wild : 4.
11:58 of 2nd period - Nico Sturm wins face-off versus Joseph Gambardella in neutral zone.
12:09 of 2nd period - Off-side.
12:10 of 2nd period - Scott Reedy wins face-off versus Jeremy Gregoire in neutral zone.
12:14 of 2nd period - Gavin Bayreuther is hit by Eemeli Rasanen and loses puck.
12:23 of 2nd period - Shot by Jonathan Toews.
12:23 of 2nd period - Stopped by Maxime Lagace with a rebound.
12:25 of 2nd period - Shot by Nikita Nesterenko.
12:25 of 2nd period - Stopped by Maxime Lagace without a rebound.
12:26 of 2nd period - Nico Sturm wins face-off versus Joseph Gambardella in Wild zone.
12:43 of 2nd period - Shot by Anders Bjork.
12:43 of 2nd period - Deflect By Tanner Pearson.
12:43 of 2nd period - Stopped by Anton Forsberg without a rebound.
12:44 of 2nd period - Steven Lorentz wins face-off versus Danick Martel in Palm Springs Eager zone.
12:59 of 2nd period - Shot by Taylor Raddysh.
12:59 of 2nd period - Shot Misses the Net.
13:40 of 2nd period - Shot by Jalen Chatfield.
13:40 of 2nd period - Shot Misses the Net.
13:55 of 2nd period - Shot by Joseph Gambardella.
13:55 of 2nd period - Shot Misses the Net.
14:45 of 2nd period - Shot by Kasper Bjorkqvist.
14:45 of 2nd period - Shot Misses the Net.
14:47 of 2nd period - Shot by Kasper Bjorkqvist.
14:47 of 2nd period - Shot Misses the Net.
14:49 of 2nd period - Shot by Kasper Bjorkqvist.
14:49 of 2nd period - Stopped by Anton Forsberg without a rebound.
14:50 of 2nd period - Danick Martel wins face-off versus Nico Sturm in Palm Springs Eager zone.
14:51 of 2nd period - Shot by Taylor Raddysh.
14:51 of 2nd period - Shot Misses the Net.
15:43 of 2nd period - Shot by Tanner Pearson.
15:43 of 2nd period - Goal by Tanner Pearson - Palm Springs Eager : 2 - Wild : 5.
15:44 of 2nd period - Scott Reedy wins face-off versus Joseph Gambardella in neutral zone.
16:22 of 2nd period - Shot by Joseph Gambardella.
16:22 of 2nd period - Stopped by Anton Forsberg without a rebound.
16:23 of 2nd period - Riley Duran wins face-off versus Jeremy Gregoire in Palm Springs Eager zone.
16:37 of 2nd period - Icing by Jalen Chatfield.
16:38 of 2nd period - Riley Duran wins face-off versus Jeremy Gregoire in Wild zone.
16:52 of 2nd period - Jeremy Gregoire is hit by Colin Miller.
16:55 of 2nd period - Kasper Bjorkqvist is hit by Colin Miller and loses puck.
17:40 of 2nd period - Shot by Saku Maenalanen.
17:40 of 2nd period - Deflect By Nico Sturm.
17:40 of 2nd period - Stopped by Maxime Lagace without a rebound.
17:41 of 2nd period - Scott Reedy wins face-off versus Danick Martel in Wild zone.
17:44 of 2nd period - Shot by Nikita Nesterenko.
17:44 of 2nd period - Deflect By Scott Reedy.
17:44 of 2nd period - Stopped by Maxime Lagace with a rebound.
17:46 of 2nd period - Shot by Nikita Nesterenko.
17:46 of 2nd period - Shot Misses the Net.
17:48 of 2nd period - Shot by Scott Reedy.
17:48 of 2nd period - Shot Misses the Net.
17:56 of 2nd period - Taylor Raddysh is hit by Nikita Nesterenko and loses puck.
18:32 of 2nd period - Off-side.
18:33 of 2nd period - Nico Sturm wins face-off versus Joseph Gambardella in neutral zone.
18:43 of 2nd period - Shot by Tanner Pearson.
18:43 of 2nd period - Stopped by Anton Forsberg without a rebound.
18:44 of 2nd period - Lukas Jasek wins face-off versus Nico Sturm in Palm Springs Eager zone.
19:48 of 2nd period - Shot by Rocco Grimaldi.
19:48 of 2nd period - Stopped by Maxime Lagace without a rebound.
19:49 of 2nd period - Danick Martel wins face-off versus Scott Reedy in Wild zone.
Goals for this period are 0 for Palm Springs Eager vs 2 for Wild.
Shots for this period are 11 for Palm Springs Eager vs 15 for Wild.

3rd period


0:01 of 3rd period - Joseph Gambardella wins face-off versus Jonathan Toews in neutral zone.
0:34 of 3rd period - Shot by Rocco Grimaldi.
0:34 of 3rd period - Stopped by Maxime Lagace without a rebound.
0:35 of 3rd period - Danick Martel wins face-off versus Saku Maenalanen in Wild zone.
0:35 of 3rd period - Danick Martel is hit by Mike Hardman.
0:42 of 3rd period - Off-side.
0:43 of 3rd period - Nico Sturm wins face-off versus Danick Martel in neutral zone.
0:52 of 3rd period - Shot by Nico Sturm.
0:52 of 3rd period - Deflect By Saku Maenalanen.
0:52 of 3rd period - Stopped by Maxime Lagace without a rebound.
0:53 of 3rd period - Joseph Gambardella wins face-off versus Jonathan Toews in Wild zone.
1:15 of 3rd period - Off-side.
1:16 of 3rd period - Danick Martel wins face-off versus Nico Sturm in neutral zone.
1:23 of 3rd period - Shot by Danick Martel.
1:23 of 3rd period - Shot Blocked by Nico Sturm.
1:37 of 3rd period - Shot by Anthony Louis.
1:37 of 3rd period - Stopped by Anton Forsberg with a rebound.
1:39 of 3rd period - Shot by Connor Hobbs.
1:39 of 3rd period - Stopped by Anton Forsberg without a rebound.
1:40 of 3rd period - Jonathan Toews wins face-off versus Joseph Gambardella in Palm Springs Eager zone.
1:52 of 3rd period - Icing by Dillon Simpson.
1:53 of 3rd period - Joseph Gambardella wins face-off versus Scott Reedy in Wild zone.
1:53 of 3rd period - Joseph Gambardella is hit by Scott Reedy.
1:59 of 3rd period - Off-side.
2:00 of 3rd period - Jonathan Toews wins face-off versus Danick Martel in neutral zone.
2:00 of 3rd period - Steven Lorentz is hit by Danick Martel and loses puck.
2:02 of 3rd period - Minor Penalty to Jonathan Toews for High sticking.
2:03 of 3rd period - Joseph Gambardella wins face-off versus Scott Reedy in Palm Springs Eager zone.
2:03 of 3rd period - Joseph Gambardella is hit by Radko Gudas.
3:30 of 3rd period - Shot by Anthony Louis.
3:30 of 3rd period - Stopped by Anton Forsberg with a rebound.
4:01 of 3rd period - Icing by Tanner Pearson.
4:02 of 3rd period - Scott Reedy wins face-off versus Kasper Bjorkqvist in Wild zone.
4:09 of 3rd period - Shot by Jonathan Toews.
4:09 of 3rd period - Stopped by Maxime Lagace with a rebound.
4:44 of 3rd period - Minor Penalty to Alexander Campbell for Tripping.
4:45 of 3rd period - Jonathan Toews wins face-off versus Danick Martel in Palm Springs Eager zone.
4:45 of 3rd period - Jonathan Toews is hit by Danick Martel.
6:39 of 3rd period - Danick Martel is hit by Radko Gudas.
7:04 of 3rd period - Saku Maenalanen is hit by Eemeli Rasanen.
7:26 of 3rd period - Shot by Michael Mersch.
7:26 of 3rd period - Deflect By Kasper Bjorkqvist.
7:26 of 3rd period - Stopped by Anton Forsberg without a rebound.
7:27 of 3rd period - Riley Duran wins face-off versus Lukas Jasek in Palm Springs Eager zone.
8:01 of 3rd period - Icing by Gavin Bayreuther.
8:02 of 3rd period - Anthony Louis wins face-off versus Riley Duran in Palm Springs Eager zone.
8:02 of 3rd period - Anthony Louis is hit by Scott Mayfield.
8:22 of 3rd period - Shot by Anthony Louis.
8:22 of 3rd period - Stopped by Anton Forsberg with a rebound.
8:24 of 3rd period - Shot by Danick Martel.
8:24 of 3rd period - Shot Blocked by Riley Duran.
8:26 of 3rd period - Shot by Taylor Raddysh.
8:26 of 3rd period - Stopped by Anton Forsberg without a rebound.
8:27 of 3rd period - Jeremy Gregoire wins face-off versus Scott Reedy in Palm Springs Eager zone.
8:30 of 3rd period - Shot by Michael Mersch.
8:30 of 3rd period - Goal by Michael Mersch - Palm Springs Eager : 2 - Wild : 6.
8:31 of 3rd period - Joseph Gambardella wins face-off versus Scott Reedy in neutral zone.
9:51 of 3rd period - Shot by Anthony Louis.
9:51 of 3rd period - Stopped by Anton Forsberg with a rebound.
10:29 of 3rd period - Jeremy Gregoire is hit by Scott Mayfield and loses puck.
10:36 of 3rd period - Shot by Alexander Campbell.
10:36 of 3rd period - Stopped by Maxime Lagace without a rebound.
10:37 of 3rd period - Lukas Jasek wins face-off versus Jonathan Toews in Wild zone.
11:25 of 3rd period - Minor Penalty to Scott Reedy for Slashing.
11:26 of 3rd period - Jonathan Toews wins face-off versus Danick Martel in Palm Springs Eager zone.
11:34 of 3rd period - Icing by Ben Gleason.
11:35 of 3rd period - Danick Martel wins face-off versus Jonathan Toews in Wild zone.
11:35 of 3rd period - Danick Martel is hit by Scott Mayfield.
11:41 of 3rd period - Shot by Connor Hobbs.
11:41 of 3rd period - Stopped by Anton Forsberg without a rebound.
11:42 of 3rd period - Danick Martel wins face-off versus Jonathan Toews in Palm Springs Eager zone.
11:42 of 3rd period - Connor Hobbs is hit by Scott Mayfield.
11:50 of 3rd period - Shot by Connor Hobbs.
11:50 of 3rd period - Stopped by Anton Forsberg without a rebound.
11:51 of 3rd period - Steven Lorentz wins face-off versus Joseph Gambardella in Palm Springs Eager zone.
12:06 of 3rd period - Shot by Tanner Pearson.
12:06 of 3rd period - Shot Blocked by Gavin Bayreuther.
12:08 of 3rd period - Shot by Jalen Chatfield.
12:08 of 3rd period - Shot Blocked by Gavin Bayreuther.
12:10 of 3rd period - Shot by Dillon Simpson.
12:10 of 3rd period - Stopped by Anton Forsberg without a rebound.
12:11 of 3rd period - Steven Lorentz wins face-off versus Danick Martel in Palm Springs Eager zone.
12:11 of 3rd period - Steven Lorentz is hit by Danick Martel.
12:25 of 3rd period - Rocco Grimaldi is hit by Danick Martel and loses puck.
12:48 of 3rd period - Shot by Danick Martel.
12:48 of 3rd period - Stopped by Anton Forsberg without a rebound.
12:49 of 3rd period - Joseph Gambardella wins face-off versus Steven Lorentz in Palm Springs Eager zone.
12:58 of 3rd period - Shot by Joseph Gambardella.
12:58 of 3rd period - Stopped by Anton Forsberg without a rebound.
12:59 of 3rd period - Joseph Gambardella wins face-off versus Nico Sturm in Palm Springs Eager zone.
13:00 of 3rd period - Shot by Dillon Simpson.
13:00 of 3rd period - Shot Misses the Net.
13:02 of 3rd period - Shot by Jalen Chatfield.
13:02 of 3rd period - Stopped by Anton Forsberg without a rebound.
13:03 of 3rd period - Joseph Gambardella wins face-off versus Steven Lorentz in Palm Springs Eager zone.
16:33 of 3rd period - Scott Reedy is hit by Connor Hobbs and loses puck.
16:36 of 3rd period - Shot by Colin Miller.
16:36 of 3rd period - Shot Misses the Net.
16:40 of 3rd period - Shot by Dmitry Ovchinnikov.
16:40 of 3rd period - Stopped by Maxime Lagace with a rebound.
16:42 of 3rd period - Shot by Alex Cotton.
16:42 of 3rd period - Shot Misses the Net.
16:49 of 3rd period - Scott Reedy is hit by Connor Hobbs and loses puck.
16:58 of 3rd period - Shot by Colin Miller.
16:58 of 3rd period - Stopped by Maxime Lagace without a rebound.
16:59 of 3rd period - Jeremy Gregoire wins face-off versus Riley Duran in Wild zone.
17:06 of 3rd period - Shot by Kasper Bjorkqvist.
17:06 of 3rd period - Stopped by Anton Forsberg without a rebound.
17:07 of 3rd period - Riley Duran wins face-off versus Jeremy Gregoire in Palm Springs Eager zone.
17:11 of 3rd period - Off-side.
17:12 of 3rd period - Joseph Gambardella wins face-off versus Jonathan Toews in neutral zone.
17:18 of 3rd period - Icing by Colin Miller.
17:19 of 3rd period - Joseph Gambardella wins face-off versus Jonathan Toews in Palm Springs Eager zone.
17:33 of 3rd period - Jonathan Toews is hit by Dillon Simpson.
17:48 of 3rd period - Off-side.
17:49 of 3rd period - Danick Martel wins face-off versus Scott Reedy in neutral zone.
18:00 of 3rd period - Shot by Scott Reedy.
18:00 of 3rd period - Shot Misses the Net.
18:15 of 3rd period - Jonathan Toews is hit by Eemeli Rasanen and loses puck.
18:58 of 3rd period - Icing by Rocco Grimaldi.
18:59 of 3rd period - Joseph Gambardella wins face-off versus Riley Duran in Palm Springs Eager zone.
19:02 of 3rd period - Shot by Tanner Pearson.
19:02 of 3rd period - Stopped by Anton Forsberg with a rebound.
19:04 of 3rd period - Shot by Joseph Gambardella.
19:04 of 3rd period - Shot Blocked by Rocco Grimaldi.
19:08 of 3rd period - Shot by Tanner Pearson.
19:08 of 3rd period - Deflect By Anders Bjork.
19:08 of 3rd period - Shot Misses the Net.
19:38 of 3rd period - Shot by Tanner Pearson.
19:38 of 3rd period - Stopped by Anton Forsberg without a rebound.
19:39 of 3rd period - Jeremy Gregoire wins face-off versus Nico Sturm in Palm Springs Eager zone.
19:39 of 3rd period - Jeremy Gregoire is hit by Scott Mayfield.
19:43 of 3rd period - Shot by Jeremy Gregoire.
19:43 of 3rd period - Stopped by Anton Forsberg with a rebound.
19:50 of 3rd period - Jeremy Gregoire is hit by Scott Mayfield and loses puck.
Goals for this period are 0 for Palm Springs Eager vs 1 for Wild.
Shots for this period are 6 for Palm Springs Eager vs 18 for Wild.